 Dungeon Crawl Stone Soup version 0.22-a0-117-g314b907 (webtiles) character file.

423936 medis the Executioner (level 22, -41/245 HPs)
             Began as a Minotaur Fighter on Jan 28, 2018.
             Was a High Priest of Qazlal.
             Killed from afar by a frost giant (73 damage)
             ... with a bolt of cold
             ... on level 4 of the Vaults on Jan 29, 2018.
             The game lasted 02:19:43 (58751 turns).

medis the Executioner (Minotaur Fighter)           Turns: 58751, Time: 02:19:44

Health: -41/245    AC: 38    Str: 28    XL:     22   Next: 70%
Magic:  18/32      EV: 13    Int:  1    God:    Qazlal [*****.]
Gold:   2144       SH:  7    Dex: 13    Spells: 21/21 levels left

rFire    . . .     SeeInvis +   a - +9 executioner's axe (chaos)
rCold    + . .     Gourm    .   (shield currently unavailable)
rNeg     + + +     Faith    .   h - +6 plate armour {MR+}
rPois    .         Spirit   .   P - +2 hat {SInv}
rElec    +         Reflect  .   G - +1 cloak
rCorr    +         Harm     .   L - +2 pair of gloves of Lugonu's Castigation {rCorr Int-5 Dex+5}
MR       +++..                  M - +2 pair of boots of Watchfulness {*Contam rN++}
Stlth    ..........             (no amulet)
HPRegen  0.50/turn              r - +4 ring of slaying
MPRegen  0.23/turn              F - ring of Lehia {rElec rN+ MR+ SInv, =R}

@: protected from cold, repel missiles
A: retaliatory headbutt, horns 2, clumsy 1, robust 1, weak 1, sturdy frame 1
}: 2/15 runes: serpentine, barnacled
a: Upheaval, Elemental Force, Disaster Area, Renounce Religion


You were on level 4 of the Vaults.
You worshipped Qazlal.
Qazlal was extremely pleased with you.
You were near starving.

You visited 8 branches of the dungeon, and saw 40 of its levels.
You also visited: Ossuary and Volcano.

You collected 4472 gold pieces.
You spent 2328 gold pieces at shops.

Inventory:

Hand Weapons
 a - a +9 executioner's axe of chaos (weapon)
Missiles
 e - 4 throwing nets (quivered)
 n - 9 javelins of penetration
Armour
 h - a +6 plate armour of magic resistance (worn)
 G - a +1 cloak (worn)
 L - the +2 pair of gloves of Lugonu's Castigation (worn) {rCorr Int-5 Dex+5}
   (You found it on level 2 of the Snake Pit)

   It affects your intelligence (-5).
   It affects your dexterity (+5).
   It protects you from acid and corrosion.
 M - the +2 pair of boots of Watchfulness (worn) {*Contam rN++}
   (You found it on level 1 of the Shoals)

   It greatly protects you from negative energy.
   It causes magical contamination when unequipped.
 P - a +2 hat of see invisible (worn)
Jewellery
 c - an uncursed ring of magical power
 r - a +4 ring of slaying (left hand)
 u - an uncursed ring of positive energy
 F - the ring of Lehia (right hand) {rElec rN+ MR+ SInv, =R}
   (You found it on level 15 of the Dungeon)

   [ring of positive energy]

   It insulates you from electricity.
   It protects you from negative energy.
   It affects your resistance to hostile enchantments.
   It lets you see invisible.
 R - an uncursed ring of fire
Wands
 l - a wand of acid (21)
 s - a wand of random effects (41)
 t - a wand of clouds (3)
 y - a wand of flame (33)
 E - a wand of digging (48)
 Q - a wand of iceblast (6)
 S - a wand of polymorph (62)
 U - a wand of enslavement (26)
 W - a wand of paralysis (26)
Scrolls
 g - a scroll of blinking
 i - 30 scrolls of identify
 m - 14 scrolls of teleportation
 p - 5 scrolls of magic mapping
 q - 2 scrolls of enchant weapon
 B - 4 scrolls of fog
 J - 26 scrolls of remove curse
 K - 2 scrolls of silence
 T - 4 scrolls of fear
Potions
 d - 2 potions of ambrosia
 j - 13 potions of curing
 k - 6 potions of brilliance
 o - 2 potions of heal wounds
 v - 2 potions of berserk rage
 w - 7 potions of haste
 x - 4 potions of invisibility
 A - 5 potions of flight
 C - 3 potions of resistance
 X - 2 potions of cancellation
Miscellaneous
 V - a phial of floods
Comestibles
 f - 40 rations


   Skills:
 + Level 24.3 Fighting
 - Level 26.2 Axes
 + Level 21.7 Armour
 + Level 6.8 Dodging
   Level 3.6 Shields
 + Level 15.4 Invocations


You had 21 spell levels left.
You didn't know any spells.

Dungeon Overview and Level Annotations

Branches:
Dungeon (15/15)            Temple (1/1) D:4            Lair (6/6) D:11
 Shoals (4/4) Lair:3        Snake (4/4) Lair:3        Slime (0/5) Lair:5
    Orc (2/2) D:9             Elf (3/3) Orc:2        Vaults (5/5) D:13
  Crypt (0/3) Vaults:3     Depths (0/5) D:15

Altars:
Ashenzari
Cheibriados
Dithmenos
Elyvilon
Fedhas
Gozag
Hepliaklqana
Kikubaaqudgha
Makhleb
Nemelex Xobeh
Okawaru
Qazlal
Ru
Sif Muna
Trog
Uskayaw
Vehumet
Wu Jian
Xom
Yredelemnul
Zin
The Shining One
Beogh

Shops:
D:4 *   D:12 *   Orc:1 [   Orc:2 ([!}   Elf:2 :}=}   Shoals:1 !   Vaults:1 (([

Portals:
Trove: D:13 (give 15 scrolls of teleportation)

Annotations:
Shoals:2 exclusion: downstairs, Mara
Shoals:4 Tovarisch's ghost, adept HOBe
Elf:1 exclusion: orange crystal statue


Innate Abilities, Weirdness & Mutations

You reflexively headbutt those who attack you in melee.
You have a pair of horns on your head.
You are clumsy. (Dex -2)
You are robust. (+10% HP)
You are weak. (Str -2)
Your movements are slightly less encumbered by armour. (ER -2)


Message History

The shadow dragon claws you but does no damage.
You hit the deep elf high priest but do no damage.
You kill the deep elf high priest!
Qazlal accepts your kill.
You slash the frost giant!
You hit the shadow dragon but do no damage.
The frost giant gestures at you while chanting.
The bolt of cold hits you!
* * * LOW HITPOINT WARNING * * *
The bolt of cold hits the shadow dragon.
The shadow dragon resists.
The shadow dragon bites you but does no damage.
The shadow dragon closely misses you.
The shadow dragon claws you but does no damage.
You feel much better.
The frost giant seems less brilliant.
The frost giant casts a spell at you. The bolt of cold hits you!
Your resistance to physical damage fades away.
You feel protected from cold.
You die...

#########...)).# #..... #####'##
#.#.#. # ####.#### #.#.#. #
##.#...#.## #####. #
##.........###...#. #
#...#...#...##.###. #########
##§###(###.###.#... ##......#
##.§.#((.#..[##.###. ##......#
#.D@C§.<...)..').... ##..)...#
##)).#...#[).####### #..<...#
##§###(###.## #.)....#
#...#.()#...# ### #.)))..#
##.....)...######.. #......#
##.#(((#.## #..#.# #.([..[#
####(#### #..#.#
###+###'############'#######'##..
...................))(..(.'..^.##


You could see a shadow dragon and a frost giant.

Vanquished Creatures
  Mennas (Vaults:3)
  Boris (Vaults:3)
  Frederick (Vaults:3)
  Bai Suzhen (Shoals:2)
  Margery (Vaults:4)
  Rupert (D:14)
  A titan (Vaults:5)
  Polyphemus (Shoals:3)
  A sphinx (Vaults:4)
  Gastronok (D:8)
  A storm dragon (Vaults:2)
  A shadow dragon (Vaults:5)
  A tengu reaver (Vaults:4)
  14 nagarajas
  Donald (Vaults:3)
  5 fire giants (Vaults:4)
  6 deep elf sorcerers
  2 frost giants (Vaults:4)
  14 vault wardens
  Louise (D:14)
  16 ironheart preservers
  A deep elf elementalist (Elf:1)
  A juggernaut zombie (D:15)
  6 stone giants
  3 entropy weavers
  2 war gargoyles (Vaults:5)
  A dire elephant (Snake:4)
  A deep elf demonologist (Vaults:1)
  2 deep elf annihilators
  The ghost of Csabeeboy the Cleaver, a journeyman DrWn (D:13)
  2 ettins (Vaults:4)
  9 merfolk javelineers
  Snorg (D:13)
  3 fire dragons
  3 deep elf death magi
  A great orb of eyes (Vaults:4)
  12 merfolk impalers
  Josephine (D:15)
  16 ogre magi
  3 rakshasas
  6 yaktaur captains
  A deep elf high priest (Vaults:4)
  Fannar (D:10)
  27 vault guards
  2 catoblepae
  16 naga warriors
  7 anacondas
  Erica (D:8)
  7 hydras
  The ghost of Daviar the Destroyer, a journeyman DsFE of Vehumet (D:11)
  2 death knights
  4 merfolk avatars
  53 two-headed ogres
  5 merfolk aquamancers
  A two-headed ogre (shapeshifter) (D:14)
  7 centaur warriors
  32 dancing weapons
  The ghost of Gildeon the Carver, a novice DgFi (Lair:1)
  A satyr (Shoals:3)
  A deep troll shaman (Lair:6)
  2 deep troll earth magi (Vaults:3)
  12 death yaks
  A tengu warrior (D:14)
  4 orc high priests
  A queen ant (shapeshifter) (Vaults:3)
  8 shock serpents
  19 naga sharpshooters
  Urug (Lair:3)
  The ghost of Vajrapani the Slicer, a novice OpGl of Dithmenos (D:8)
  20 deep elf knights
  3 hell knights (Vaults:4)
  A salamander mystic (Snake:3)
  6 skeletal warriors
  7 deep trolls
  An entropy weaver zombie (Vaults:1)
  A glowing orange brain (Vaults:3)
  2 kraken simulacra (Shoals:4)
  6 sea snakes
  An unseen horror (shapeshifter) (Vaults:4)
  2 shadow wraiths
  21 deep elf archers
  3 unseen horrors
  A sphinx zombie (D:15)
  The ghost of EnegeticOcto the Cudgeler, a novice GrFi of Okawaru (D:5)
  5 phantasmal warriors
  3 flayed ghosts
  22 ironbrand convokers
  9 naga ritualists
  The ghost of sankara the Basher, a novice GrFi of Hepliaklqana (D:7)
  7 wizards
  A mana viper (shapeshifter) (Elf:2)
  7 mana vipers
  6 wolf spiders
  Pikel (D:4)
  11 harpies
  7 necromancers
  4 orc sorcerers
  13 orc knights
  10 manticores
  58 deep elf magi
  9 cyclopes
  55 ugly things
  2 fauns
  8 salamanders
  5 toenail golems (Volcano)
  A stone giant skeleton (Vaults:1)
  32 black mambas
  13 vault sentinels
  12 elephants
  7 merfolk sirens
  26 naga magi
  A human skeleton (Vaults:1)
  3 water nymphs
  3 guardian serpents
  Psyche (D:11)
  7 centaur skeletons
  A torpor snail (shapeshifter) (Vaults:4)
  6 spiny frogs
  2 rime drakes
  48 yaktaurs
  8 freezing wraiths
  5 komodo dragons
  2 yaktaur skeletons
  A tyrant leech (shapeshifter) (Vaults:4)
  3 meliai
  7 trolls
  26 merfolk
  5 polar bears
  A raiju (Snake:4)
  Prince Ribbit (D:7)
  A raiju (shapeshifter) (D:15)
  25 slime creatures
  10 hippogriffs
  A blink frog (shapeshifter) (Vaults:4)
  7 wind drakes
  6 blink frogs
  A meliai zombie (D:14)
  17 dream sheep
  9 snapping turtles
  An air elemental (Elf:2)
  A spriggan (D:7)
  8 redbacks
  7 wraiths
  A shadow (D:14)
  59 yaks
  A centaur simulacrum (D:14)
  4 wyverns
  A spriggan skeleton (D:15)
  9 water elementals
  A human (shapeshifter) (Vaults:2)
  An elf zombie (Vaults:1)
  Grum (D:8)
  3 fire elementals
  3 basilisks
  3 vampire mosquitoes (D:12)
  Menkaure (D:4)
  4 wargs
  2 acid dragons (D:14)
  A soldier ant (D:15)
  An ogre zombie (Vaults:1)
  65 nagas
  10 water moccasins
  A meliai simulacrum (D:14)
  11 porcupines
  3 ice beasts
  An ogre skeleton (Vaults:1)
  24 orc warriors
  2 black bears
  A hornet zombie (D:11)
  3 phantoms
  4 sky beasts
  46 ogres
  A necrophage (D:12)
  14 wolves
  10 boggarts
  12 crocodiles
  30 centaurs
  6 big kobolds
  18 bullfrogs
  2 earth elementals (Elf:1)
  A scorpion (D:6)
  A wyvern skeleton (D:9)
  6 killer bees
  2 wights (D:12)
  2 howler monkeys
  The ghost of Daviar the Firebug, a weakling DsFE (D:3)
  An electric eel (Lair:5)
  5 crimson imps
  A lava snake (D:13)
  2 human simulacra
  4 centaur zombies
  A quasit (D:7)
  7 hounds
  5 bullfrog zombies
  4 bullfrog skeletons
  12 orc priests
  4 iguanas
  21 orc wizards
  6 hell rats
  10 worker ants
  2 killer bee zombies
  A bullfrog simulacrum (D:8)
  3 hound zombies (Ossuary)
  A killer bee simulacrum (D:8)
  17 mummies
  3 howler monkey zombies
  3 worker ant zombies
  6 adders
  A river rat (D:11)
  A shadow imp (D:8)
  2 white imps (D:8)
  2 oozes
  2 adder zombies (Ossuary)
  2 adder skeletons
  A worm (D:2)
  2 dart slugs
  3 leopard geckos
  71 orcs
  A giant cockroach (shapeshifter) (Vaults:3)
  5 giant cockroaches
  10 goblins
  5 hobgoblins
  6 jackals
  5 quokkas
  3 ball pythons
  2 bats
  5 frilled lizards
  A jackal zombie (Ossuary)
  22 kobolds
  A leopard gecko skeleton (D:6)
  5 leopard gecko zombies
  A quokka zombie (Ossuary)
  6 rats
  5 fungi
  2 plants
  A tentacle (Shoals:4)
1667 creatures vanquished.

Vanquished Creatures (collateral kills)
  An ironheart preserver (Vaults:1)
  A very ugly thing (Vaults:5)
  A vault guard (Vaults:1)
  A yaktaur captain (Vaults:5)
  A deep troll shaman (Vaults:5)
  A vault sentinel (Vaults:1)
  A hornet (Vaults:4)
  An ogre (Vaults:1)
8 creatures vanquished.

Vanquished Creatures (others)
  A frost giant (Vaults:4)
  A vault guard (Vaults:4)
  A water nymph (Shoals:3)
  An air elemental (Elf:1)
  A centaur (D:14)
  An orc priest (D:5)
  An orc wizard (Orc:2)
  An orc (D:5)
  A bush (Lair:1)
  3 fungi
  14 plants
  12 tentacles (Shoals:4)
  A withered plant (Ossuary)
39 creatures vanquished.

Grand Total: 1714 creatures vanquished

Notes
Turn   | Place    | Note
-------+----------+-------------------------------------------
     0 | D:1      | medis the Minotaur Fighter began the quest for the Orb.
     0 | D:1      | Reached XP level 1. HP: 19/19 MP: 0/0
    71 | D:1      | Reached XP level 2. HP: 27/27 MP: 1/1
   724 | D:2      | Reached skill level 3 in Axes
   750 | D:2      | Reached XP level 3. HP: 20/33 MP: 2/2
  1487 | D:2      | Reached XP level 4. HP: 41/41 MP: 3/3
  1567 | D:3      | Noticed Daviar's ghost (weakling DsFE)
  2072 | D:3      | Reached skill level 4 in Axes
  2209 | D:4      | Found a staircase to the Ecumenical Temple.
  2226 | Temple   | Entered the Ecumenical Temple
  2487 | D:4      | Found Koigahe's Assorted Antiques.
  2490 | D:4      | Bought a scroll labeled TEDEBE KEKK for 26 gold pieces
  2490 | D:4      | Bought a scroll labeled XUUMMO GAEX for 26 gold pieces
  2496 | D:4      | Noticed an ogre
  2564 | D:4      | Killed an ogre
  2564 | D:4      | Reached skill level 5 in Fighting
  2564 | D:4      | Reached skill level 5 in Armour
  2564 | D:4      | Reached XP level 5. HP: 16/48 MP: 4/4
  2793 | D:4      | Noticed a centaur
  2806 | D:4      | Killed a centaur
  2806 | D:4      | Reached XP level 6. HP: 40/56 MP: 5/5
  2923 | D:4      | Noticed Menkaure
  2933 | D:5      | Entered Level 5 of the Dungeon
  2989 | D:5      | Reached skill level 5 in Axes
  3008 | D:5      | Found a sparkling altar of Nemelex Xobeh.
  3036 | D:5      | Noticed EnegeticOcto's ghost (novice GrFi)
  3046 | D:5      | Killed EnegeticOcto's ghost
  3046 | D:5      | Reached skill level 6 in Axes
  3046 | D:5      | Reached XP level 7. HP: 22/66 MP: 6/6
  3055 | D:5      | Found a sand-covered staircase.
  3064 | Ossuary  | Entered an ossuary
  3270 | Ossuary  | Reached XP level 8. HP: 73/73 MP: 7/7
  3283 | Ossuary  | Reached skill level 7 in Axes
  3865 | D:4      | Killed Menkaure
  4064 | D:4      | Reached skill level 8 in Axes
  4487 | D:4      | Found a stormy altar of Qazlal.
  4496 | D:4      | Became a worshipper of Qazlal Stormbringer
  4555 | D:5      | Noticed Pikel
  4570 | D:4      | Killed Pikel
  4570 | D:4      | Reached XP level 9. HP: 62/83 MP: 8/8
  5334 | D:6      | Found a snail-covered altar of Cheibriados.
  5620 | D:6      | Reached skill level 9 in Axes
  6027 | D:3      | Found an iron altar of Okawaru.
  6028 | D:3      | Found a bloodstained altar of Trog.
  6065 | D:3      | Killed Daviar's ghost
  6537 | D:7      | Noticed Prince Ribbit
  6546 | D:7      | Killed Prince Ribbit
  6767 | D:7      | Noticed sankara's ghost (novice GrFi)
  6956 | D:7      | Killed sankara's ghost
  6956 | D:7      | Reached skill level 10 in Fighting
  6956 | D:7      | Reached skill level 10 in Axes
  6956 | D:7      | Reached skill level 10 in Armour
  7335 | D:7      | Noticed a cyclops
  7349 | D:7      | Killed a cyclops
  7474 | D:8      | Noticed Gastronok
  7882 | D:8      | You fall through a shaft for 2 floors!
  7882 | D:10     | Entered Level 10 of the Dungeon
  7887 | D:10     | Reached XP level 10. HP: 92/94 MP: 9/9
  7889 | D:10     | Noticed Fannar
  7917 | D:10     | Killed Fannar
  8438 | D:9      | Reached * piety under Qazlal
  8647 | D:9      | Got a brightly glowing hunting sling
  8648 | D:9      | Identified the +4 hunting sling of Spores {flame, MR+} (You took it off a crimson imp on level 9 of the Dungeon)
  8786 | D:9      | Found a hazy altar of Hepliaklqana.
  8810 | D:9      | Reached skill level 11 in Axes
  8818 | D:9      | Noticed a two-headed ogre
  8835 | D:9      | Killed a two-headed ogre
  9159 | D:9      | Found a staircase to the Orcish Mines.
  9283 | D:8      | Noticed a two-headed ogre
  9285 | D:8      | Noticed a two-headed ogre
  9294 | D:8      | Killed a two-headed ogre
  9307 | D:8      | Killed a two-headed ogre
  9307 | D:8      | Reached XP level 11. HP: 54/104 MP: 10/10
  9325 | D:8      | Noticed Grum
  9498 | D:8      | Killed Grum
  9529 | D:8      | Noticed Vajrapani's ghost (novice OpGl)
  9547 | D:8      | Killed Vajrapani's ghost
  9547 | D:8      | Reached skill level 12 in Axes
  9684 | D:8      | Found a sacrificial altar of Ru.
  9687 | D:8      | Reached ** piety under Qazlal
  9792 | D:8      | Noticed Erica
  9803 | D:8      | Killed Gastronok
  9807 | D:8      | Killed Erica
  9848 | D:8      | Found an ornate altar of the Wu Jian Council.
  9852 | D:8      | Found a burning altar of Makhleb.
  9857 | D:8      | Found an opulent altar of Gozag.
  9890 | D:8      | Found a white marble altar of Elyvilon.
 10050 | D:8      | Found a glowing silver altar of Zin.
 10544 | D:11     | Noticed a two-headed ogre
 10551 | D:11     | Killed a two-headed ogre
 10578 | D:11     | Noticed Daviar's ghost (journeyman DsFE)
 10601 | D:11     | Killed Daviar's ghost
 10601 | D:11     | Reached skill level 13 in Axes
 10988 | D:11     | Noticed a death yak
 10989 | D:11     | Found a staircase to the Lair.
 10990 | D:11     | Noticed a death yak
 10990 | D:11     | Noticed a death yak
 11024 | D:11     | Killed a death yak
 11043 | D:10     | Killed a death yak
 11045 | D:10     | Killed a death yak
 11045 | D:10     | Reached XP level 12. HP: 91/115 MP: 11/11
 11692 | D:11     | Noticed a five-headed hydra
 11696 | D:11     | Killed a four-headed hydra
 11789 | D:11     | Noticed Psyche
 11796 | D:11     | Killed Psyche
 11808 | D:11     | Reached *** piety under Qazlal
 11925 | Lair:1   | Entered Level 1 of the Lair of Beasts
 12198 | D:11     | Noticed a six-headed hydra
 12205 | D:11     | Killed a four-headed hydra
 12345 | Lair:1   | Noticed Gildeon's ghost (novice DgFi)
 12363 | Lair:1   | Killed Gildeon's ghost
 12363 | Lair:1   | Reached skill level 14 in Axes
 12431 | Lair:1   | Noticed a four-headed hydra
 12442 | Lair:1   | Killed a one-headed hydra
 12649 | Lair:1   | Reached **** piety under Qazlal
 13532 | Lair:2   | Reached skill level 15 in Fighting
 13586 | Lair:2   | Reached skill level 15 in Armour
 13586 | Lair:2   | Reached XP level 13. HP: 126/126 MP: 12/12
 14384 | Lair:3   | Reached skill level 15 in Axes
 14387 | Lair:3   | Noticed Urug
 14408 | Lair:3   | Killed Urug
 14462 | Lair:3   | Found a staircase to the Shoals.
 14617 | Lair:3   | Found a staircase to the Snake Pit.
 15069 | Lair:4   | Reached ***** piety under Qazlal
 15446 | Lair:4   | Gained mutation: Your mind is acute. (Int +2) [potion of mutation]
 15446 | Lair:4   | Gained mutation: You have a pair of large horns on your head. [potion of mutation]
 16085 | Lair:5   | Found a staircase to the Slime Pits.
 16226 | Lair:5   | Reached skill level 16 in Axes
 16710 | Lair:6   | Entered Level 6 of the Lair of Beasts
 16750 | Lair:6   | Reached XP level 14. HP: 80/138 MP: 9/13
 17332 | Lair:6   | Reached ****** piety under Qazlal
 18033 | D:12     | Reached skill level 1 in Invocations
 18416 | D:12     | Lost mutation: You have a pair of large horns on your head. [potion of mutation]
 18416 | D:12     | Lost mutation: Your mind is acute. (Int +2) [potion of mutation]
 18416 | D:12     | Gained mutation: Your muscles are strong. (Str +2) [potion of mutation]
 18416 | D:12     | Gained mutation: Armour fits poorly on your strangely shaped body. [potion of mutation]
 18416 | D:12     | Gained mutation: Your spells are a little harder to cast, but a little more powerful. [potion of mutation]
 18417 | D:12     | Lost mutation: Your muscles are strong. (Str +2) [potion of mutation]
 18417 | D:12     | Lost mutation: Your spells are a little harder to cast, but a little more powerful. [potion of mutation]
 18417 | D:12     | Gained mutation: You occasionally shout uncontrollably at your foes. [potion of mutation]
 18417 | D:12     | Gained mutation: Your movements are slightly less encumbered by armour. (ER -2) [potion of mutation]
 18756 | D:12     | Found Voasod's Assorted Antiques.
 19537 | D:13     | Found a portal to a secret trove of treasure.
 19553 | D:13     | Noticed Snorg
 19562 | D:13     | Killed Snorg
 19562 | D:13     | Reached skill level 17 in Axes
 19972 | D:13     | Noticed Csabeeboy's ghost (journeyman DrWn)
 20017 | D:13     | Killed Csabeeboy's ghost
 20133 | D:13     | Reached skill level 5 in Invocations
 20189 | D:13     | Found a gate to the Vaults.
 20757 | D:14     | Found a blossoming altar of Fedhas.
 20763 | D:14     | Noticed Rupert
 20776 | D:14     | Killed Rupert
 20776 | D:14     | Reached XP level 15. HP: 112/147 MP: 14/17
 20783 | D:14     | Noticed Louise
 20796 | D:14     | Killed Louise
 21656 | D:14     | Reached skill level 18 in Axes
 22073 | D:15     | Entered Level 15 of the Dungeon
 22874 | D:15     | Noticed Josephine
 23039 | D:15     | Killed Josephine
 23926 | D:15     | Found a staircase to the Depths.
 23967 | D:15     | Got a fine wooden ring
 23969 | D:15     | Found an iron altar of Okawaru.
 24095 | D:15     | Identified the ring of Lehia {rElec rN+ MR+ SInv} (You found it on level 15 of the Dungeon)
 24278 | Orc:1    | Entered Level 1 of the Orcish Mines
 24283 | Orc:1    | Found Asiun's Armour Shoppe.
 24368 | Orc:2    | Entered Level 2 of the Orcish Mines
 24386 | Orc:1    | Found a roughly hewn altar of Beogh.
 24504 | Orc:1    | Found a dark tunnel.
 24514 | Volcano  | Entered a volcano
 24565 | Volcano  | Reached skill level 19 in Axes
 25548 | Orc:2    | Reached XP level 16. HP: 143/158 MP: 16/19
 25637 | Orc:2    | Found a roughly hewn altar of Beogh.
 26340 | Orc:2    | Found Rox Qife's Gadget Emporium.
 26340 | Orc:2    | Found Uwkat's Antique Weapon Boutique.
 26346 | Orc:2    | Found Bowueps's Distillery.
 26346 | Orc:2    | Found Xaompuur's Antique Armour Boutique.
 26645 | Orc:2    | Found a staircase to the Elven Halls.
 26694 | Orc:2    | Bought a glowing battleaxe for 275 gold pieces
 26700 | Orc:2    | Bought a runed plate armour for 858 gold pieces
 26726 | Orc:2    | Bought a potion of haste for 160 gold pieces
 26726 | Orc:2    | Bought 2 potions of heal wounds for 160 gold pieces
 26726 | Orc:2    | Bought a potion of agility for 64 gold pieces
 26736 | Orc:2    | Bought a glowing scale mail for 231 gold pieces
 26748 | Orc:2    | Bought a glowing scale mail for 231 gold pieces
 26768 | Orc:2    | Bought a slimy scale mail for 297 gold pieces
 26774 | Orc:2    | Identified the +2 scale mail of Bithry {rCorr Str+2} (You bought it in a shop on level 2 of the Orcish Mines)
 26994 | Shoals:1 | Entered Level 1 of the Shoals
 27826 | Shoals:1 | Found Vashiawk's Distillery.
 28702 | Shoals:2 | Reached skill level 20 in Axes
 29209 | Shoals:3 | Noticed Polyphemus
 29948 | Shoals:3 | Noticed Bai Suzhen
 30670 | Shoals:3 | Noticed Mara
 30998 | Shoals:3 | Noticed medis's illusion
 31006 | Shoals:2 | Noticed medis's illusion
 31483 | Shoals:3 | Killed Polyphemus
 31536 | Shoals:2 | Killed Bai Suzhen
 32036 | Shoals:2 | Noticed medis's illusion
 32040 | Shoals:2 | HP: 7/160 [medis's illusion[Mara] (29)]
 32390 | Shoals:4 | Entered Level 4 of the Shoals
 32587 | Shoals:3 | Reached XP level 17. HP: 67/168 MP: 10/22
 32903 | Shoals:4 | Reached skill level 21 in Axes
 35159 | Shoals:4 | Got a barnacled rune of Zot
 35208 | Shoals:4 | Noticed Tovarisch's ghost (adept HOBe)
 35551 | Snake:1  | Entered Level 1 of the Snake Pit
 36030 | Vaults:1 | Entered Level 1 of the Vaults
 36030 | Vaults:1 | Found Qeimua's Weapon Boutique.
 36419 | D:13     | Reached skill level 22 in Axes
 36864 | Vaults:1 | Reached skill level 10 in Invocations
 36897 | Vaults:1 | Reached XP level 18. HP: 52/178 MP: 4/24
 38135 | Vaults:1 | Found Quhaky's Armour Shop.
 38220 | Vaults:1 | Found Qylibawn's Antique Weapon Shop.
 38826 | Vaults:2 | Reached skill level 23 in Axes
 40557 | Vaults:2 | Reached XP level 19. HP: 184/189 MP: 26/26
 41024 | Vaults:3 | Noticed Boris
 41036 | Vaults:3 | Killed Boris
 41057 | Vaults:3 | Reached skill level 24 in Axes
 41125 | Vaults:3 | Noticed Donald
 41284 | Vaults:3 | Killed Donald
 41460 | Vaults:3 | Noticed Frederick
 41691 | Vaults:3 | Killed Frederick
 42249 | Vaults:3 | HP: 8/190 [two-headed ogre/giant club[an ironheart preserver] (12)]
 43135 | Vaults:3 | Found a staircase to the Crypt.
 43581 | Vaults:3 | Upgraded the game from 0.22-a0-113-gdd6f4a9 to 0.22-a0-117-g314b907
 43654 | Vaults:4 | Reached skill level 25 in Axes
 43848 | Vaults:4 | Reached XP level 20. HP: 152/200 MP: 28/28
 44684 | Vaults:4 | Noticed Margery
 44700 | Vaults:4 | Killed Margery
 46099 | Snake:1  | Reached skill level 26 in Axes
 47381 | Snake:2  | Got a pair of pitted gloves
 47392 | Snake:2  | Identified the +2 pair of gloves of Lugonu's Castigation {rCorr Int-5 Dex+5} (You found it on level 2 of the Snake Pit)
 47392 | Snake:2  | Lost intelligence.
 47624 | Snake:2  | Found a runed door.
 48467 | Snake:3  | Found the +4 robe of Augmentation {Str+4 Int+4 Dex+4}
 48540 | Snake:3  | Reached XP level 21. HP: 209/209 MP: 29/29
 49727 | Snake:4  | Entered Level 4 of the Snake Pit
 52597 | Snake:4  | Got a serpentine rune of Zot
 52705 | Snake:3  | Lost mutation: Armour fits poorly on your strangely shaped body. [potion of mutation]
 52705 | Snake:3  | Lost mutation: You occasionally shout uncontrollably at your foes. [potion of mutation]
 52705 | Snake:3  | Gained mutation: You are clumsy. (Dex -2) [potion of mutation]
 52705 | Snake:3  | Gained mutation: You are weak. (Str -2) [potion of mutation]
 52705 | Snake:3  | Gained mutation: You are robust. (+10% HP) [potion of mutation]
 52977 | Elf:1    | Entered Level 1 of the Elven Halls
 54390 | Elf:2    | Found Udiv's Book Shop.
 54641 | Elf:2    | Reached skill level 1 in Dodging
 54950 | Shoals:1 | Got a pair of shimmering boots
 54956 | Shoals:1 | Identified the +2 pair of boots of Watchfulness {*Contam rN++} (You found it on level 1 of the Shoals)
 55372 | Elf:2    | Found a runed gate.
 55372 | Elf:2    | Found a runed gate.
 55376 | Elf:2    | Found a runed gate.
 55571 | Elf:2    | Found Ykixyh Syid's Gadget Emporium.
 55572 | Elf:2    | Found Qibos's Jewellery Boutique.
 55573 | Elf:2    | Found Liddurog's Gadget Emporium.
 55763 | Elf:3    | Entered Level 3 of the Elven Halls
 56052 | Elf:2    | Reached XP level 22. HP: 242/244 MP: 30/32
 57020 | Vaults:5 | Entered Level 5 of the Vaults
 57153 | Vaults:5 | Reached skill level 15 in Invocations
 57158 | Vaults:5 | Reached skill level 5 in Dodging
 57163 | Vaults:5 | Noticed Mennas
 57766 | Vaults:3 | Killed Mennas
 58750 | Vaults:4 | HP: 11/245 [frost giant/bolt of cold (32)]
 58751 | Vaults:4 | Killed from afar by a frost giant

Vault maps used:
D:1:      lightli_molten_gateway, minmay_misc_feat_diagonals, minivault_5
D:3:      gammafunk_temple_overflow_statue, minivault_24
D:4:      nicolae_qazlal_eye_of_the_storm, minmay_temple_entry_water_ring,
          serial_shops, kennysheep_mini, first_ration, uniq_menkaure
D:5:      nemelex_xobeh_ov_fountains_minmay, enter_ossuary_2, uniq_pikel
D:6:      nicolae_overflow_hidden_temple
D:7:      the_bakery, uniq_prince_ribbit1
D:8:      marbit_many_paths, minitemple, serial_ice, serial_ice_e, serial_ice_h,
          serial_ice_o, serial_ice_a, elyvilon_altar_5, uniq_gastronok,
          uniq_erica, uniq_grum
D:9:      lemuel_round_altar, orc_0_dummy
D:10:     uniq_fannar
D:11:     dpeg_lair_monsters, uniq_psyche
D:12:     serial_shops, shop, serial_undead, serial_undead_c, serial_undead_b,
          serial_undead_a, serial_undead_b, serial_undead_d, serial_undead_c
D:13:     hangedman_vaults_entry_quadrant_bands, nicolae_trove_entry_diagonal,
          kennysheep_dice, uniq_snorg
D:14:     fedhas_altar_2, grunt_ministairs_9, uniq_rupert, uniq_louise
D:15:     gammafunk_depths_entry_grave, basic_altar, serial_park_tiny_1,
          uniq_josephine
Temple:   jpeg_temple_alley_garden
Lair:1:   minmay_holes
Lair:2:   wad_woods_road_01, grunt_megastairs_5
Lair:3:   minmay_shoals_entry_centaurs, guppyfry_snake_entry_garden, uniq_urug
Lair:5:   slime_dummy, kilobyte_rumbling_trees, infiniplex_staircase_pool
Lair:6:   grunt_lair_end_beastmaster, st_stairs_7
Shoals:1: serial_shops, shop
Shoals:3: nicolae_shoals_dead_sea_scrolls, uniq_mara, uniq_polyphemus,
          uniq_bai_suzhen
Shoals:4: shoals_end_grunt_ice, shoals_ilsuiw_alternative
Snake:1:  grunt_megastairs_3
Snake:2:  lightli_airlock
Snake:4:  snake_pit, grunt_ministairs_4
Orc:1:    enter_volcano_1, basic_altar, serial_shops, nicolae_shop_behind_doors
Orc:2:    grunt_orc_tribal_feast, basic_altar
Elf:1:    elf_arrival_001, minivault_28, minivault_16
Elf:2:    serial_shops, shop, minmay_shop_grove
Elf:3:    minmay_elf_hall_four_x, serial_shops, nicolae_shop_statue_plus, shop,
          shop, nicolae_shop_crystal, shop, hex_tiny, corexii_leaking_fountain,
          elves_outpost_lemuel
Vaults:1: v_misc_28, nicolae_vaults_circle_grid_a, nicolae_vaults_network_s,
          hangedman_vaults_trim, nicolae_vaults_little_squares_5, v_misc_26,
          v_misc_30, v_pattern_1, nicolae_vaults_know_your_exits,
          nicolae_vaults_little_squares_1, v_misc_23,
          nicolae_vaults_little_squares_5, serial_shops, nicolae_shop_trees,
          shop, shop
Vaults:2: hangedman_vaults_unwind, nicolae_vaults_asterisk, st_spiral_rooms,
          vaults_mumra_chevron_long, nicolae_vaults_arrows, v_rooms_6,
          nicolae_vaults_shelves_hall, grunt_vaults_hallway_long,
          hangedman_vaults_slice, nicolae_vaults_twisting_passages,
          ontoclasm_vaults_shuriken, hangedman_vaults_nails
Vaults:3: ontoclasm_vaults_chip, v_misc_24, v_misc_26,
          nicolae_vaults_circle_grid_b, dummy_crypt_entry, uniq_frederick,
          uniq_donald, uniq_boris
Vaults:4: hangedman_vaults_nodes, nicolae_vaults_diagonal_hallway_6,
          nicolae_vaults_circle_grid_a, grunt_vaults_twisty,
          nicolae_vaults_little_squares_4, nicolae_vaults_network_periphery,
          v_pattern_3, nicolae_vaults_asterisk, v_misc_4,
          nicolae_vaults_mini_display_case, v_alt_pattern_1,
          ontoclasm_vaults_claustrophobia, ontoclasm_vaults_decontamination,
          uniq_margery
Vaults:5: uniq_mennas
Ossuary:  ossuary_zaba_flooded
Volcano:  volcano_bunker

Skill      XL: |  1  2  3  4  5  6  7  8  9 10 11 12 13 14 15 16 17 18 19 20 21 22 |
---------------+-------------------------------------------------------------------+-----
Armour         | 4 5 7 9 10 12 13 15 16 17 18 19 21 | 21.7
Fighting       | 4 5 7 9 10 12 13 15 16 17 18 19 20 21 22 23 24 | 24.3
Axes           | 3 4 6 8 10 11 13 14 16 17 19 20 22 23 25 26 | 26.2
Invocations    | 5 8 10 11 12 13 14 15 | 15.4
Dodging        | 2 6 |  6.8
Shields        | |  3.6

Action                   |  1- 3 |  4- 6 |  7- 9 | 10-12 | 13-15 | 16-18 | 19-21 | 22-24 || total
-------------------------+-------+-------+-------+-------+-------+-------+-------+-------++-------
Melee: War axe           |    93 |    79 |   270 |   501 |   668 |       |       |       ||  1611
       Headbutt          |     7 |    16 |    56 |   138 |   284 |   211 |   260 |    33 ||  1005
       Scimitar          |       |       |       |    14 |    12 |       |       |       ||    26
       Battleaxe         |       |       |       |       |   299 |   149 |       |       ||   448
       Executioner's axe |       |       |       |       |       |   718 |  1042 |   135 ||  1895
Invok: Upheaval          |       |       |       |       |     7 |    13 |    26 |     8 ||    54
       Disaster Area     |       |       |       |       |     1 |     1 |       |     1 ||     3
       Elemental Force   |       |       |       |       |       |     2 |     1 |     1 ||     4
Evoke: Wand              |       |       |       |     3 |     2 |    11 |     3 |       ||    19
  Use: Scroll            |       |     4 |     4 |     1 |     9 |    19 |     6 |     3 ||    46
       Potion            |       |     1 |     5 |     2 |     9 |    17 |     2 |     4 ||    40
 Stab: Petrified         |       |       |       |       |     1 |       |       |       ||     1
       Distracted        |       |       |       |       |       |       |     1 |       ||     1
       Petrifying        |       |       |       |       |       |       |     3 |       ||     3
       Paralysed         |       |       |       |       |       |       |     1 |     2 ||     3
  Eat: Chunk             |     2 |     4 |    10 |    18 |    22 |    17 |    19 |     3 ||    95
       Ration            |       |       |     2 |       |     5 |     9 |     9 |     1 ||    26
Armor: Scale mail        |    30 |       |       |       |       |       |       |       ||    30
       Plate armour      |    14 |    44 |    98 |   227 |   435 |   679 |   304 |   149 ||  1950
       Chain mail        |       |       |       |       |       |       |   166 |       ||   166
Dodge: Dodged            |    24 |    11 |    34 |    56 |   164 |   378 |   289 |    86 ||  1042
       Deflected         |       |       |       |       |    25 |    86 |   103 |    13 ||   227
Block: Shield            |    62 |    40 |   109 |   273 |   495 |       |       |       ||   979
       Other             |       |       |       |       |    89 |   421 |   325 |    68 ||   903
       Rpst.: Scimitar   |       |       |       |     1 |       |       |       |       ||     1

Table legend:
 A = Spawn XP
 B = Non-spawn XP
 C = Spawn XP percentage of total XP
 D = Spawn monster count
 E = Non-spawn monster count
 F = Spawn count percentage of total count
 G = Total turns spent on level
                    A         B        C        D         E        F      G
               +---------+---------+-------+---------+---------+-------+---------
         Total |       0 |  802341 |   0.0 |       0 |    1671 |   0.0 | 58751
               +---------+---------+-------+---------+---------+-------+---------
           D:1 |       0 |      19 |   0.0 |       0 |       9 |   0.0 |   694
           D:2 |       0 |      89 |   0.0 |       0 |      22 |   0.0 |  1031
           D:3 |       0 |     162 |   0.0 |       0 |      20 |   0.0 |   587
           D:4 |       0 |    1242 |   0.0 |       0 |      13 |   0.0 |  1393
           D:5 |       0 |    1006 |   0.0 |       0 |      14 |   0.0 |   749
           D:6 |       0 |     409 |   0.0 |       0 |       8 |   0.0 |   926
           D:7 |       0 |    1896 |   0.0 |       0 |      13 |   0.0 |  1392
           D:8 |       0 |    6848 |   0.0 |       0 |      27 |   0.0 |   788
           D:9 |       0 |    2609 |   0.0 |       0 |      24 |   0.0 |  1364
          D:10 |       0 |    3923 |   0.0 |       0 |      19 |   0.0 |  1423
          D:11 |       0 |    7161 |   0.0 |       0 |      38 |   0.0 |  1559
          D:12 |       0 |    5352 |   0.0 |       0 |      34 |   0.0 |  1480
          D:13 |       0 |   23528 |   0.0 |       0 |      73 |   0.0 |  2461
          D:14 |       0 |   27545 |   0.0 |       0 |      73 |   0.0 |  2281
          D:15 |       0 |   11115 |   0.0 |       0 |      24 |   0.0 |   853
        Lair:1 |       0 |    8006 |   0.0 |       0 |      33 |   0.0 |  1200
        Lair:2 |       0 |    5460 |   0.0 |       0 |      24 |   0.0 |  1256
        Lair:3 |       0 |    7807 |   0.0 |       0 |      34 |   0.0 |  1433
        Lair:4 |       0 |    5867 |   0.0 |       0 |      29 |   0.0 |   888
        Lair:5 |       0 |    8676 |   0.0 |       0 |      42 |   0.0 |   888
        Lair:6 |       0 |   16696 |   0.0 |       0 |      37 |   0.0 |  1174
      Shoals:1 |       0 |    8856 |   0.0 |       0 |      17 |   0.0 |  1566
      Shoals:2 |       0 |   21813 |   0.0 |       0 |      37 |   0.0 |  2823
      Shoals:3 |       0 |   28460 |   0.0 |       0 |      42 |   0.0 |  3302
      Shoals:4 |       0 |   21187 |   0.0 |       0 |      33 |   0.0 |   600
       Snake:1 |       0 |   14619 |   0.0 |       0 |      32 |   0.0 |   983
       Snake:2 |       0 |   28554 |   0.0 |       0 |      48 |   0.0 |  1446
       Snake:3 |       0 |   21408 |   0.0 |       0 |      38 |   0.0 |  2894
       Snake:4 |       0 |   57275 |   0.0 |       0 |      92 |   0.0 |  1478
         Orc:1 |       0 |    3396 |   0.0 |       0 |      28 |   0.0 |   980
         Orc:2 |       0 |   12903 |   0.0 |       0 |      67 |   0.0 |  1578
         Elf:1 |       0 |   24699 |   0.0 |       0 |      41 |   0.0 |  1650
         Elf:2 |       0 |   39554 |   0.0 |       0 |      55 |   0.0 |  1429
         Elf:3 |       0 |    2303 |   0.0 |       0 |       4 |   0.0 |   254
      Vaults:1 |       0 |   64990 |   0.0 |       0 |     106 |   0.0 |  2068
      Vaults:2 |       0 |   61757 |   0.0 |       0 |     105 |   0.0 |  2310
      Vaults:3 |       0 |   80977 |   0.0 |       0 |      92 |   0.0 |  3313
      Vaults:4 |       0 |  126763 |   0.0 |       0 |     151 |   0.0 |  2865
      Vaults:5 |       0 |   30166 |   0.0 |       0 |      27 |   0.0 |    59
       Ossuary |       0 |     668 |   0.0 |       0 |      35 |   0.0 |   737
       Volcano |       0 |    6577 |   0.0 |       0 |      11 |   0.0 |   301
               +---------+---------+-------+---------+---------+-------+---------
